 Dungeon Crawl Stone Soup version 0.22.1-2-g9c5b331 (webtiles) character file.

341 whitewolfNL the Skirmisher (level 6, -1/55 HPs)
             Began as a Minotaur Berserker on Dec 18, 2018.
             Was a Priest of Trog.
             Slain by Grinder (6 damage)
             ... on level 3 of the Dungeon.
             The game lasted 00:09:20 (1791 turns).

whitewolfNL the Skirmisher (Minotaur Berserker)     Turns: 1791, Time: 00:09:21

Health: -1/55      AC:  8    Str: 22    XL:     6   Next: 30%
Magic:  5/5        EV: 11    Int:  5    God:    Trog [***...]
Gold:   85         SH:  0    Dex: 10    Spells: 5/5 levels left

rFire    . . .     SeeInvis .   l - +3 quarterstaff (chaos)
rCold    . . .     Gourm    .   (shield currently unavailable)
rNeg     . . .     Faith    .   t - +0 scale mail
rPois    .         Spirit   .   (helmet restricted)
rElec    .         Reflect  .   w - +0 cloak
rCorr    .         Harm     .   b - -2 pair of gloves (curse)
MR       .....                  q - +0 pair of boots
Stlth    ..........             (no amulet)
HPRegen  0.18/turn              (no ring)
MPRegen  0.09/turn              (no ring)

@: no status effects
A: retaliatory headbutt, horns 2
a: Berserk, Trog's Hand, Renounce Religion


You were on level 3 of the Dungeon.
You worshipped Trog.
Trog was most pleased with you.
You were very hungry.

You visited 1 branch of the dungeon, and saw 3 of its levels.

You collected 85 gold pieces.

Inventory:

Hand Weapons
 a - a +0 mace
 d - a +1 whip of venom
 k - a +0 spear of venom
 l - a +3 quarterstaff of chaos (weapon)
 r - a +0 blowgun
 v - a +2 scythe of protection
Missiles
 e - 58 arrows
 i - 36 bolts
 o - 3 silver tomahawks (quivered)
 u - 2 throwing nets
 x - 13 poisoned needles
Armour
 b - a cursed -2 pair of gloves (worn)
 g - a +2 large shield
 q - a +0 pair of boots (worn)
 t - a +0 scale mail (worn)
 w - a +0 cloak (worn)
Scrolls
 j - 2 scrolls of teleportation
 m - a scroll of magic mapping
Potions
 f - 2 potions of berserk rage
 n - a potion of mutation {unknown}
 p - a potion of flight {unknown}
 s - a potion of curing {unknown}
Comestibles
 c - 6 rations
 h - 2 chunks of flesh


   Skills:
 * Level 4.8 Fighting
 - Level 3.9 Maces & Flails
 * Level 3.4 Polearms
 * Level 4.1 Armour
 * Level 3.4 Dodging
 * Level 3.4 Shields


You had 5 spell levels left.
You didn't know any spells.
Your spell library was empty.

Dungeon Overview and Level Annotations

Branches:
Dungeon (3/15)

Altars:
Ashenzari

Annotations:
D:3 Grinder


Innate Abilities, Weirdness & Mutations

You reflexively headbutt those who attack you in melee.
You have a pair of horns on your head.


Message History

Grinder gestures at you.
You suddenly lose the ability to move!
Grinder hits you. Grinder completely misses you. Grinder hits you.
You writhe in agony.
Grinder gestures at you. Pain shoots through your body!
Grinder gestures at you. Pain shoots through your body!
* * * LOW HITPOINT WARNING * * *
You can move again.
You hit Grinder.
Grinder is almost dead.
Grinder blinks!
Grinder gestures at you. You resist with significant effort.
Found an escape hatch in the floor.
Grinder hits you!
* * * LOW HITPOINT WARNING * * *
You writhe in agony.
You die...

<.......#.#..$.
....>..........
.#...........#.
............... ..
...#.........[.
..................
.....###..#.....5....#
..........#.....@....# .
.....................# .#..
.....................##....
...........................
.............)).#..........
..........††#(..........#
............().............
...........(#.###..........
#.#....#...................


You could see Grinder.

Vanquished Creatures
  Sigmund (D:2)
  Crazy Yiuf (D:2)
  Natasha (D:2)
  An orc wizard (D:3)
  4 adders
  4 worms (D:2)
  2 dart slugs (D:2)
  4 leopard geckos
  4 orcs (D:3)
  8 bats
  3 giant cockroaches (D:2)
  5 goblins
  4 jackals (D:2)
  3 kobolds
  3 frilled lizards
  6 rats
54 creatures vanquished.

Notes
Turn   | Place    | Note
-------+----------+-------------------------------------------
     0 | D:1      | whitewolfNL the Minotaur Berserker began the quest for the
                  | Orb.
     0 | D:1      | Reached XP level 1. HP: 19/19 MP: 0/0
   288 | D:1      | Reached XP level 2. HP: 22/27 MP: 1/1
   805 | D:2      | Reached skill level 1 in Shields
   808 | D:2      | Reached XP level 3. HP: 33/33 MP: 2/2
   813 | D:2      | Reached ** piety under Trog
   995 | D:2      | Reached skill level 1 in Polearms
  1020 | D:2      | Found a shattered altar of Ashenzari.
  1099 | D:2      | Reached XP level 4. HP: 41/41 MP: 3/3
  1201 | D:2      | Noticed Natasha
  1209 | D:2      | Killed Natasha
  1216 | D:2      | Noticed Sigmund
  1228 | D:2      | Killed Sigmund
  1228 | D:2      | Reached XP level 5. HP: 22/47 MP: 4/4
  1525 | D:2      | Found a runed door.
  1530 | D:2      | Noticed Crazy Yiuf
  1534 | D:2      | Killed Crazy Yiuf
  1534 | D:2      | Reached XP level 6. HP: 53/53 MP: 5/5
  1723 | D:3      | Noticed Grinder
  1743 | D:3      | Reached *** piety under Trog
  1744 | D:3      | Paralysed by Grinder for 6 turns
  1773 | D:3      | Paralysed by Grinder for 4 turns
  1782 | D:3      | Paralysed by Grinder for 5 turns
  1791 | D:3      | Slain by Grinder

Skill      XL: |  1  2  3  4  5 |
---------------+----------------+-----
Fighting       | 4 |  4.8
Shields        | 1 3 |  3.4
Polearms       | 1 3 |  3.4
Armour         | 3 4 |  4.1
Dodging        | 3 |  3.4
Maces & Flails | |  3.9

Action                   |  1- 3 |  4- 6 || total
-------------------------+-------+-------++-------
Melee: Whip              |    27 |       ||    27
       Headbutt          |    11 |     7 ||    18
       Spear             |    52 |    18 ||    70
       Scythe            |       |     3 ||     3
       Quarterstaff      |       |    27 ||    27
Invok: Berserk           |     2 |     3 ||     5
  Use: Scroll            |     2 |     2 ||     4
 Stab: Paralysed         |       |     1 ||     1
  Eat: Chunk             |     3 |     3 ||     6
Armor: Animal skin       |    14 |       ||    14
       Scale mail        |    21 |    20 ||    41
Dodge: Dodged            |    26 |    34 ||    60
Block: Large shield      |    72 |    11 ||    83
